AoeStats
← tchookuan77

Arena

507508139Analyzed
4v4 RM · 13d ago on Sep 18, 2026· 58m 16s· 8 players
Game mode
Random Map
Map size
Large (8 player)
Population
200
Speed
Normal
Resources
Standard
Victory
Conquest
Starting age
Dark Age
Ending age
Imperial Age
RankedLock teamsTeams togetherTeam positionsShared explorationLock speedFull tech treeHidden civsTurbo modeCheats
Victory
Defeat
🇹🇼 Poles · Taiwan
1122
+15
🇬🇧 Hindustanis · United Kingdom
1113
+15
🇹🇼 Britons · Taiwan
1104
+16
🇨🇳 Portuguese · China
1062
+18
🇹🇼 Persians · Taiwan
1142
-17
🇹🇼 Britons · Taiwan
1095
-16
🇹🇼 Goths · Taiwan
1094
-16
🇹🇼 Magyars · Taiwan
1068
-15
tchookuan77
10:48 Feudal Age
14:25 Castle Age
12:44 Double-Bit Axe
14:00 Horse Collar
21:47 Wheelbarrow
23:47 Heavy Plow
24:00 Bow Saw
24:32 Gold Mining
24:34 Stone Mining
25:28 Fervor
25:40 Loom
29:12 Imperial Age
26:58 Hand Cart
26:34 Town Watch
28:09 Gold Shaft Mining
27:18 Crossbowman
29:27 Arbalester
31:37 Fletching
31:48 Padded Archer Armor
32:47 Ballistics
33:28 Chemistry
32:39 Fortified Wall
32:12 Treadmill Crane
34:11 Yeomen
34:12 Conscription
34:30 Bodkin Arrow
34:50 Leather Archer Armor
35:57 Bracer
36:50 Murder Holes
37:07 Masonry
40:26 Ring Archer Armor
41:23 Pikeman
41:37 Elite Skirmisher
42:41 Forging
42:31 Scale Mail Armor
42:22 Halberdier
42:24 Man-at-Arms
43:05 Squires
46:40 Elite Longbowman
48:48 Town Patrol
49:25 Iron Casting
49:05 Chain Mail Armor
noel50711
11:43 Feudal Age
13:20 Double-Bit Axe
13:44 Horse Collar
16:08 Castle Age
14:57 Loom
17:24 Bow Saw
17:16 Heavy Plow
23:26 Wheelbarrow
27:03 Loom
29:51 Imperial Age
28:29 Forging
28:19 Scale Mail Armor
28:13 Gold Mining
28:16 Loom
28:48 Hand Cart
28:58 Stone Mining
28:51 Pikeman
29:43 Squires
30:24 Iron Casting
30:07 Chain Mail Armor
30:21 Anarchy
30:18 Halberdier
31:21 Guilds
32:21 Two-Man Saw
31:55 Crop Rotation
32:22 Perfusion
33:02 Iron Casting
34:27 Conscription
35:09 Blast Furnace
34:25 Elite Huskarl
38:06 Masonry
nick690821
11:35 Feudal Age
15:29 Castle Age
16:03 Loom
25:40 Double-Bit Axe
25:49 Horse Collar
29:06 Kamandaran
30:32 Murder Holes
30:49 Masonry
31:01 Ballistics
30:45 Fletching
31:30 Forging
31:26 Scale Barding Armor
32:01 Bloodlines
31:52 Husbandry
32:49 Bow Saw
32:42 Heavy Plow
33:04 Thumb Ring
32:20 Crossbowman
37:02 Iron Casting
36:47 Chain Barding Armor
36:25 Bodkin Arrow
42:54 Imperial Age
43:15 Padded Archer Armor
46:20 Blast Furnace
53:41 Wheelbarrow
56:26 Hand Cart
William
11:14 Feudal Age
14:57 Castle Age
13:08 Double-Bit Axe
13:28 Horse Collar
14:07 Loom
18:33 Husbandry
20:49 Wheelbarrow
24:18 Scale Barding Armor
24:27 Bloodlines
25:53 Gold Mining
27:12 Bow Saw
27:22 Heavy Plow
33:18 Imperial Age
31:30 Murder Holes
32:18 Hand Cart
32:49 Ballistics
33:09 Gold Shaft Mining
33:30 Cavalier
34:37 Chain Barding Armor
34:03 Pikeman
36:09 Plate Barding Armor
35:14 Halberdier
37:19 Scale Mail Armor
39:00 Conscription
42:06 Chemistry
42:20 Two-Man Saw
41:30 Paladin
46:51 Coinage
46:38 Chain Mail Armor
47:46 Crop Rotation
50:28 Town Watch
50:16 Capped Ram
50:34 Light Cavalry
52:15 Man-at-Arms
53:01 Hussar
54:53 Long Swordsman
Cheesepuffs1897
10:42 Feudal Age
12:01 Double-Bit Axe
14:47 Castle Age
13:10 Horse Collar
16:07 Bow Saw
16:17 Heavy Plow
20:47 Wheelbarrow
22:00 Hand Cart
23:07 Gold Mining
23:12 Stone Mining
24:43 Loom
24:46 Town Watch
27:51 Imperial Age
25:34 Scale Mail Armor
25:44 Forging
26:54 Chain Mail Armor
27:26 Ballistics
27:17 Fortified Wall
27:57 Iron Casting
27:41 Grand Trunk Road
27:59 Squires
27:45 Arson
28:45 Gold Shaft Mining
29:00 Conscription
28:16 Elite Ghulam
30:07 Blast Furnace
30:50 Chemistry
30:17 Masonry
30:19 Fortified Wall
30:28 Fletching
30:39 Padded Archer Armor
31:53 Thumb Ring
32:21 Leather Archer Armor
32:02 Bodkin Arrow
34:06 Shatagni
34:42 Hoardings
36:28 Ring Archer Armor
35:59 Bracer
38:48 Siege Engineers
38:39 Murder Holes
54:51 Scale Barding Armor
54:50 Heavy Camel Rider
55:32 Husbandry
56:00 Chain Barding Armor
55:54 Bloodlines
57:24 Plate Barding Armor
56:17 Imperial Camel Rider
jameskobecp6
9:16 Feudal Age
9:41 Horse Collar
9:48 Double-Bit Axe
17:25 Castle Age
16:46 Stone Mining
18:18 Bow Saw
18:10 Heavy Plow
22:57 Gold Mining
24:09 Gold Shaft Mining
31:20 Imperial Age
28:50 Fletching
29:01 Padded Archer Armor
29:29 Bodkin Arrow
30:48 Ballistics
31:26 Yeomen
32:01 Leather Archer Armor
32:33 Conscription
32:41 Conscription
32:49 Conscription
32:55 Yeomen
32:08 Elite Longbowman
34:17 Chemistry
33:22 Bracer
33:53 Ring Archer Armor
44:12 Two-Man Saw
47:44 Hoardings
57:36 Guilds
57:36 Siege Engineers
secret_marker
11:12 Feudal Age
12:46 Wheelbarrow
11:57 Double-Bit Axe
12:56 Stone Mining
13:05 Stone Mining
16:31 Castle Age
16:09 Horse Collar
18:06 Bow Saw
19:12 Heavy Plow
26:57 Imperial Age
26:06 Szlachta Privileges
27:00 Scale Barding Armor
27:06 Forging
27:08 Gold Mining
27:32 Bloodlines
27:23 Husbandry
27:58 Hand Cart
28:56 Chain Barding Armor
29:12 Iron Casting
29:52 Crop Rotation
28:46 Cavalier
30:00 Conscription
36:40 Loom
36:54 Light Cavalry
39:58 Stone Shaft Mining
38:46 Winged Hussar
41:29 Blast Furnace
41:28 Elite Skirmisher
42:14 Thumb Ring
42:50 Lechitic Legacy
43:58 Fletching
44:08 Padded Archer Armor
45:33 Leather Archer Armor
45:13 Bodkin Arrow
49:09 Bracer
50:01 Scale Mail Armor
50:23 Elite Obuch
51:23 Chain Mail Armor
53:09 Plate Mail Armor
狂雷金刚拳!
10:14 Feudal Age
11:49 Wheelbarrow
10:57 Horse Collar
16:32 Castle Age
14:34 Double-Bit Axe
15:53 Stone Mining
18:16 Bow Saw
18:38 Loom
22:02 Town Watch
26:16 Heavy Plow
29:04 Gold Mining
30:40 Hand Cart
34:48 Imperial Age
33:35 Fortified Wall
33:48 Ballistics
33:38 Masonry
33:33 Scale Mail Armor
32:59 Pikeman
34:18 Stone Shaft Mining
34:36 Circumnavigation
34:37 Treadmill Crane
35:21 Town Patrol
35:40 Chain Mail Armor
35:15 Fletching
35:58 Conscription
36:54 Chemistry
37:50 Two-Man Saw
37:25 Crop Rotation
38:19 Bombard Tower
37:59 Bodkin Arrow
39:18 Bracer
39:51 Architecture
39:29 Siege Engineers
40:47 Chain Mail Armor
40:32 Murder Holes
41:18 Halberdier
42:32 Plate Mail Armor
42:12 Forging
45:14 Iron Casting
45:10 Arquebus
46:41 Blast Furnace
46:25 Arson
46:45 Padded Archer Armor
46:51 Scale Barding Armor
49:12 Light Cavalry
50:02 Bloodlines
49:52 Husbandry
52:15 Guilds
52:35 Coinage
52:05 Caravan
57:33 Banking
Connection lost

Rejoining the realm…

Still unreachable

The connection could not be restored.

Session expired

The server has moved on; the page needs a fresh start.